Colorado Rockies vs Tampa Bay Lightning (R1)

Created - Tuesday, October 7, 2025 at 07:28

Goals
1 2 3 T
Colorado Rockies 1 2 0 3
Tampa Bay Lightning 1 4 3 8
Shots
1 2 3 T
Colorado Rockies 13 11 3 27
Tampa Bay Lightning 17 12 16 45

1st period

1. Colorado Rockies , Kevin Hayes 4 (Kyle Connor 11, Nikita Kucherov 19) at 14:56
2. Tampa Bay Lightning , Roope Hintz 24 (Dmitry Orlov 11, Darnell Nurse 21) at 16:46 (PP)

Penalties :
Evgeny Kuznetsov (COL) for Cross-checking (Minor) at 4:07, Travis Konecny (TBL) for Diving (Minor) at 10:28, Nikita Kucherov (COL) for Tripping (Minor) at 12:04, Jesper Bratt (COL) for Goalie Interference (Minor) at 15:50

2nd period

3. Tampa Bay Lightning , Roope Hintz 25 (Jonathan Huberdeau 15, Anze Kopitar 31) at 1:59
4. Tampa Bay Lightning , Roope Hintz 26 (Travis Konecny 30, Anze Kopitar 32) at 2:37 (PP)
5. Colorado Rockies , Nikita Kucherov 20 (Martin Fehervary 18) at 2:45
6. Colorado Rockies , Tim Stutzle 16 (Kyle Connor 12, Vince Dunn 8) at 4:35
7. Tampa Bay Lightning , Jonathan Huberdeau 16 (Filip Forsberg 26, Anze Kopitar 33) at 9:37
8. Tampa Bay Lightning , Jamie Benn 10 (Martin Pospisil 1) at 15:44

Penalties :
Zach Whitecloud (COL) for Interference (Minor) at 2:23, Vince Dunn (COL) for Roughing (Minor) at 9:40, Moritz Seider (TBL) for Tripping (Minor) at 16:08

3rd period

9. Tampa Bay Lightning , Michael Matheson 7 (Roope Hintz 34, Moritz Seider 22) at 2:39 (PP)
10. Tampa Bay Lightning , Anze Kopitar 14 (Filip Forsberg 27, Darnell Nurse 22) at 8:11
11. Tampa Bay Lightning , Kirill Kaprizov 28 (Trevor Moore 15, Claude Giroux 34) at 9:06

Penalties :
David Pastrnak (COL) for Roughing (Minor) at 2:23, Evgeny Kuznetsov (COL) for Slashing (Minor) at 12:54

Goalie Stats

Daniil Tarasov (COL), 37 saves from 45 shots - (0.822), L, 6-12-4, 60:00 minutes
Jeremy Swayman (TBL), 24 saves from 27 shots - (0.889), W, 12-4-1, 60:00 minutes

Players Stats for Colorado Rockies

Player Name              G  A  P  +/- PIM S  H  SB GA TA FO     MP     PP MP  PK MP  
------------------------------------------------------------------------------------
Andrew Peeke             0  0  0   0  0   0  0  0  0  1  0/0    21:27   1:57   4:30 
David Pastrnak           0  0  0  -3  2   0  2  0  0  0  1/1    12:29   1:46   0:00 
Evgeny Kuznetsov         0  0  0  -1  4   0  2  0  0  0  0/10   13:14   0:03   0:14 
Jesper Bratt             0  0  0  -3  2   0  0  1  0  0  0/0    12:43   1:46   0:07 
Kevin Hayes              1  0  1   0  0   2  2  0  0  0  0/2    16:26   0:03   4:20 
Kyle Connor              0  2  2   3  0   4  1  0  1  0  0/1    18:49   1:46   4:23 
Kyle Palmieri            0  0  0  -3  0   0  0  0  0  0  1/6    12:29   1:46   0:00 
Martin Fehervary         0  1  1   0  0   1  1  3  1  2  0/0    26:21   1:38   4:29 
Michael Bunting          0  0  0  -1  0   2  2  0  1  0  0/0    16:25   0:00   4:15 
Nick Bonino              0  0  0  -1  0   0  0  0  0  0  0/0    11:33   0:00   0:00 
Nick Schmaltz            0  0  0  -1  0   0  2  1  0  0  5/18   16:28   0:03   4:15 
Nikita Kucherov          1  1  2   3  2   2  0  0  1  0  0/1    14:09   1:45   0:00 
Philipp Kurashev         0  0  0  -1  0   7  1  0  0  0  0/0    11:37   0:00   0:00 
Quinn Hughes             0  0  0   0  0   1  2  1  0  0  0/0    21:27   1:57   4:30 
Tim Stutzle              1  0  1   2  0   5  2  0  2  0  7/20   14:20   1:46   0:24 
Victor Hedman            0  0  0   0  0   1  2  1  0  1  0/0    25:52   1:38   4:29 
Vince Dunn               0  1  1  -2  2   1  0  1  0  0  0/0    12:10   0:00   0:00 
Zach Whitecloud          0  0  0  -2  2   1  0  2  0  0  0/0    12:32   0:00   0:00 

Players Stats for Tampa Bay Lightning

Player Name              G  A  P  +/- PIM S  H  SB GA TA FO     MP     PP MP  PK MP  
------------------------------------------------------------------------------------
Anze Kopitar             1  3  4   1  0   6  3  0  0  0  23/26  19:40   4:54   1:46 
Ben Chiarot              0  0  0  -1  0   0  0  2  0  2  0/0    19:29   0:28   1:46 
Claude Giroux            0  1  1   0  0   3  1  0  0  0  13/17  19:12   4:19   1:49 
Darnell Nurse            0  2  2   2  0   0  2  1  0  1  0/0    22:50   4:18   1:46 
Dmitry Orlov             0  1  1   1  0   0  0  0  0  1  0/0    20:01   4:18   1:49 
Dylan Cozens             0  0  0   1  0   0  0  0  0  0  0/0    12:18   0:00   0:00 
Filip Forsberg           0  2  2   1  0   4  2  0  0  0  0/0    16:59   4:04   0:00 
Gustav Nyquist           0  0  0   0  0   0  0  0  1  0  0/0     9:25   0:00   0:00 
Hampus Lindholm          0  0  0   1  0   2  0  0  0  1  0/0    13:52   0:00   0:00 
Jamie Benn               1  0  1   0  0   2  2  2  1  0  2/2    11:12   0:00   1:46 
Jonathan Huberdeau       1  1  2   1  0   7  0  0  0  0  1/1    12:52   0:14   0:00 
Kirill Kaprizov          1  0  1   0  0   2  1  0  0  0  0/1    16:45   4:04   0:00 
Martin Pospisil          0  1  1   0  0   1  1  0  0  0  0/0     9:25   0:00   0:00 
Michael Matheson         1  0  1  -1  0   3  1  1  0  0  0/0    22:24   4:41   0:55 
Moritz Seider            0  1  1   2  2   1  2  2  0  1  0/0    21:24   4:13   0:54 
Roope Hintz              3  1  4   1  0   8  1  0  0  0  6/11   16:44   4:26   0:00 
Travis Konecny           0  1  1   1  2   4  0  0  2  0  0/0    17:14   4:55   0:00 
Trevor Moore             0  1  1   0  0   2  1  1  0  0  0/1    14:14   0:01   1:49 

3 Stars

1 - Roope Hintz (TBL)
2 - Anze Kopitar (TBL)
3 - Darnell Nurse (TBL)

Power Play

Colorado Rockies - 0 on 2 Attempt(s) - 0.00%
Tampa Bay Lightning - 3 on 7 Attempt(s) - 42.86%

Penalty Kill

Colorado Rockies - 4 on 7 Attempt(s) - 57.14% - Score 0 goal in Penalty Kill
Tampa Bay Lightning - 2 on 2 Attempt(s) - 100.00% - Score 0 goal in Penalty Kill

Team Stat

Colorado Rockies - Hits : 19 - Faceoff Wins : 14 - Blocked Shots : 10 - Penalty Minutes : 14
Tampa Bay Lightning - Hits : 17 - Faceoff Wins : 45 - Blocked Shots : 9 - Penalty Minutes : 4

Official

Referees : Marc Joannette and Beaudry Halkidis
Linesman : Shandor Alphonso and Andrew Smith

Game Notes

Roope Hintz has scored a Hat Trick!

Finance

Level 1 -- Attendance: 5782 (96.37%) -- Ticket Income $549,290
Level 2 -- Attendance: 5000 (100.00%) -- Ticket Income $275,000
Level 3 -- Attendance: 2957 (98.57%) -- Ticket Income $94,624
Level 4 -- Attendance: 4372 (87.44%) -- Ticket Income $96,184
Luxury Box -- Attendance: 1000 (100.00%) -- Ticket Income $193,000
Game was played at the Tampa Bay Times Forum.
Total Attendance: 19111 (95.56%)
Total Ticket Income: $1,208,098
Other Income: $422,834
Total Income: $1,630,932

Colorado Rockies

5 vs 5 Forward 
   Center                   Left Wing                Right Wing               Time % Phy DF OF 
 1 Tim Stutzle              Kyle Connor              Nikita Kucherov          25     0   0  5  
 2 Kyle Palmieri            Jesper Bratt             David Pastrnak           25     1   2  2  
 3 Nick Schmaltz            Michael Bunting          Kevin Hayes              25     1   2  2  
 4 Evgeny Kuznetsov         Nick Bonino              Philipp Kurashev         25     5   0  0  

5 vs 5 Defense 
   Defense                  Defense                                           Time % Phy DF OF 
 1 Victor Hedman            Martin Fehervary                                  30     1   2  2  
 2 Quinn Hughes             Andrew Peeke                                      30     1   2  2  
 3 Vince Dunn               Zach Whitecloud                                   25     1   2  2  
 4 Victor Hedman            Martin Fehervary                                  15     1   2  2  

PowerPlay Forward 
   Center                   Left Wing                Right Wing               Time % Phy DF OF 
 1 Tim Stutzle              Kyle Connor              Nikita Kucherov          50     1   2  2  
 2 Kyle Palmieri            Jesper Bratt             David Pastrnak           50     1   2  2  

PowerPlay Defense
   Defense                  Defense                                           Time % Phy DF OF 
 1 Victor Hedman            Martin Fehervary                                  50     1   2  2  
 2 Quinn Hughes             Andrew Peeke                                      50     1   2  2  

Penalty Kill 4 Players Forward 
   Center                   Wing                     Time % Phy DF OF 
 1 Nick Schmaltz            Michael Bunting          50     1   2  2  
 2 Kevin Hayes              Kyle Connor              50     1   2  2  

Penalty Kill 4 Players Defense
   Defense                  Defense                  Time % Phy DF OF 
 1 Victor Hedman            Martin Fehervary         50     1   2  2  
 2 Quinn Hughes             Andrew Peeke             50     1   2  2  

Penalty Kill - 3 Players Forward 
   Forward                                           Time % Phy DF OF 
 1 Kevin Hayes                                       50     1   2  2  
 2 Nick Schmaltz                                     50     1   2  2  

Penalty Kill - 3 Players Defense
   Defense                  Defense                  Time % Phy DF OF 
 1 Victor Hedman            Martin Fehervary         50     1   2  2  
 2 Quinn Hughes             Andrew Peeke             50     1   2  2  

4 vs 4 Forward 
   Center                   Wing                     Time % Phy DF OF 
 1 Tim Stutzle              Nikita Kucherov          50     1   2  2  
 2 Kyle Palmieri            Kyle Connor              50     1   2  2  

4 vs 4 Defense
   Defense                  Defense                  Time % Phy DF OF 
 1 Victor Hedman            Martin Fehervary         50     1   2  2  
 2 Quinn Hughes             Andrew Peeke             50     1   2  2  

Last Minutes Offensive
   Center                   Left Wing                Right Wing               Defense                  Defense                  
   Tim Stutzle              Kyle Connor              Nikita Kucherov          Victor Hedman            Martin Fehervary         

Last Minutes Defensive
   Center                   Left Wing                Right Wing               Defense                  Defense                  
   Tim Stutzle              Kyle Connor              Nikita Kucherov          Victor Hedman            Martin Fehervary         

Goaltenders
Starting : Daniil Tarasov           
Backup : Joey Daccord             

Extra Forwards
Normal : Evgeny Kuznetsov, Nick Schmaltz, Michael Bunting - PP : Evgeny Kuznetsov, Nick Schmaltz - PK : Michael Bunting
Extra Defensemen
Normal : Vince Dunn, Zach Whitecloud, Quinn Hughes - PP : Vince Dunn - PK : Zach Whitecloud, Quinn Hughes
Penalty Shots
Nikita Kucherov, Tim Stutzle, David Pastrnak, Kyle Connor, Jesper Bratt

Scratches
Timothy Liljegren (Healthy)

Tampa Bay Lightning

5 vs 5 Forward 
   Center                   Left Wing                Right Wing               Time % Phy DF OF 
 1 Roope Hintz              Travis Konecny           Dylan Cozens             30     1   2  2  
 2 Anze Kopitar             Filip Forsberg           Jonathan Huberdeau       30     1   2  2  
 3 Claude Giroux            Trevor Moore             Kirill Kaprizov          30     1   2  2  
 4 Jamie Benn               Gustav Nyquist           Martin Pospisil          10     1   2  2  

5 vs 5 Defense 
   Defense                  Defense                                           Time % Phy DF OF 
 1 Moritz Seider            Darnell Nurse                                     35     1   2  2  
 2 Michael Matheson         Ben Chiarot                                       35     1   2  2  
 3 Dmitry Orlov             Hampus Lindholm                                   30     1   2  2  
 4 Moritz Seider            Michael Matheson                                  0      1   2  2  

PowerPlay Forward 
   Center                   Left Wing                Right Wing               Time % Phy DF OF 
 1 Claude Giroux            Kirill Kaprizov          Filip Forsberg           50     1   2  2  
 2 Anze Kopitar             Travis Konecny           Roope Hintz              50     1   2  2  

PowerPlay Defense
   Defense                  Defense                                           Time % Phy DF OF 
 1 Michael Matheson         Moritz Seider                                     50     1   2  2  
 2 Dmitry Orlov             Darnell Nurse                                     50     1   2  2  

Penalty Kill 4 Players Forward 
   Center                   Wing                     Time % Phy DF OF 
 1 Anze Kopitar             Jamie Benn               50     1   2  2  
 2 Claude Giroux            Trevor Moore             50     1   2  2  

Penalty Kill 4 Players Defense
   Defense                  Defense                  Time % Phy DF OF 
 1 Darnell Nurse            Ben Chiarot              50     1   2  2  
 2 Moritz Seider            Dmitry Orlov             50     1   2  2  

Penalty Kill - 3 Players Forward 
   Forward                                           Time % Phy DF OF 
 1 Anze Kopitar                                      50     1   2  2  
 2 Claude Giroux                                     50     1   2  2  

Penalty Kill - 3 Players Defense
   Defense                  Defense                  Time % Phy DF OF 
 1 Darnell Nurse            Ben Chiarot              50     1   2  2  
 2 Moritz Seider            Michael Matheson         50     1   2  2  

4 vs 4 Forward 
   Center                   Wing                     Time % Phy DF OF 
 1 Claude Giroux            Travis Konecny           50     1   2  2  
 2 Anze Kopitar             Filip Forsberg           50     1   2  2  

4 vs 4 Defense
   Defense                  Defense                  Time % Phy DF OF 
 1 Michael Matheson         Ben Chiarot              50     1   2  2  
 2 Moritz Seider            Darnell Nurse            50     1   2  2  

Last Minutes Offensive
   Center                   Left Wing                Right Wing               Defense                  Defense                  
   Claude Giroux            Kirill Kaprizov          Filip Forsberg           Michael Matheson         Moritz Seider            

Last Minutes Defensive
   Center                   Left Wing                Right Wing               Defense                  Defense                  
   Anze Kopitar             Travis Konecny           Claude Giroux            Michael Matheson         Moritz Seider            

Goaltenders
Starting : Jeremy Swayman           
Backup : Darcy Kuemper            

Extra Forwards
Normal : Anze Kopitar, Gustav Nyquist, Claude Giroux - PP : Jonathan Huberdeau, Trevor Moore - PK : Travis Konecny
Extra Defensemen
Normal : Ben Chiarot, Moritz Seider, Darnell Nurse - PP : Moritz Seider - PK : Darnell Nurse, Dmitry Orlov
Penalty Shots
Trevor Moore, Filip Forsberg, Kirill Kaprizov, Gustav Nyquist, Jonathan Huberdeau

Scratches
Jason Dickinson (Sprained Left Knee Injury)

% Time on Ice - Colorado Rockies

Lines # - Real PCT - Wanted PCT - Time Play
Normal Forward
1 - 28% - 25% - 13:18
2 - 25% - 25% - 11:50
3 - 22% - 25% - 10:23
4 - 25% - 25% - 11:32
Normal Defense
1 - 31% - 30% - 14:48
2 - 32% - 30% - 15:00
3 - 25% - 25% - 11:56
4 - 11% - 15% - 5:19
PP Forward
1 - 51% - 50% - 1:49
2 - 49% - 50% - 1:46
PP Defense
1 - 46% - 50% - 1:38
2 - 54% - 50% - 1:57
PK Forward
1 - 50% - 50% - 4:29
2 - 50% - 50% - 4:30
PK Defense
1 - 50% - 50% - 4:29
2 - 50% - 50% - 4:30
PK3 Forward
1 - 0% - 50%
2 - 0% - 50%
PK3 Defense
1 - 0% - 50%
2 - 0% - 50%
44 Forward
1 - 100% - 50% - 0:23
2 - 0% - 50% - 0:00
44 Defense
1 - 100% - 50% - 0:23
2 - 0% - 50% - 0:00
Last Minute Offensive  - 0:00
Last Minute Defensive  - 0:00
Total
Forward - 60:00
Defense - 60:00

% Time on Ice - Tampa Bay Lightning

Lines # - Real PCT - Wanted PCT - Time Play
Normal Forward
1 - 27% - 30% - 12:38
2 - 27% - 30% - 12:38
3 - 26% - 30% - 12:22
4 - 20% - 10% - 9:25
Normal Defense
1 - 33% - 35% - 15:31
2 - 36% - 35% - 16:54
3 - 29% - 30% - 13:52
4 - 2% - 0% - 0:46
PP Forward
1 - 50% - 50% - 4:32
2 - 50% - 50% - 4:27
PP Defense
1 - 52% - 50% - 4:41
2 - 48% - 50% - 4:18
PK Forward
1 - 49% - 50% - 1:46
2 - 51% - 50% - 1:49
PK Defense
1 - 49% - 50% - 1:46
2 - 51% - 50% - 1:49
PK3 Forward
1 - 0% - 50%
2 - 0% - 50%
PK3 Defense
1 - 0% - 50%
2 - 0% - 50%
44 Forward
1 - 100% - 50% - 0:23
2 - 0% - 50% - 0:00
44 Defense
1 - 100% - 50% - 0:23
2 - 0% - 50% - 0:00
Last Minute Offensive  - 0:00
Last Minute Defensive  - 0:00
Total
Forward - 60:00
Defense - 60:00

Play-by-Play

1st period


0:01 of 1st period - Tim Stutzle wins face-off versus Roope Hintz in neutral zone.
0:26 of 1st period - Darnell Nurse is hit by David Pastrnak and loses puck.
0:35 of 1st period - Victor Hedman is hit by Filip Forsberg and loses puck.
1:10 of 1st period - Backhand shot by Philipp Kurashev.
1:10 of 1st period - Stopped by Jeremy Swayman with a rebound.
1:56 of 1st period - Snap shot by Filip Forsberg.
1:56 of 1st period - Shot Blocked by Zach Whitecloud.
1:58 of 1st period - Slapshot by Hampus Lindholm.
1:58 of 1st period - Deflect By Jonathan Huberdeau.
1:58 of 1st period - Shot Blocked by Vince Dunn.
1:58 of 1st period - Puck is out of play.
1:59 of 1st period - Claude Giroux wins face-off versus Evgeny Kuznetsov in Colorado Rockies zone.
2:14 of 1st period - Wrist shot by Philipp Kurashev.
2:14 of 1st period - Shot Blocked by Trevor Moore.
2:33 of 1st period - Vince Dunn is hit by Claude Giroux and loses puck.
3:40 of 1st period - Wrist shot by Trevor Moore.
3:40 of 1st period - Stopped by Daniil Tarasov with a rebound.
3:42 of 1st period - Slapshot by Hampus Lindholm.
3:42 of 1st period - Stopped by Daniil Tarasov with a rebound.
3:44 of 1st period - Wrist shot by Trevor Moore.
3:44 of 1st period - Deflect By Kyle Palmieri.
3:44 of 1st period - Shot Misses the Net.
3:44 of 1st period - Puck is out of play.
3:45 of 1st period - Anze Kopitar wins face-off versus Nick Schmaltz in Colorado Rockies zone.
3:52 of 1st period - Wrist shot by Filip Forsberg.
3:52 of 1st period - Stopped by Daniil Tarasov without a rebound.
3:53 of 1st period - Anze Kopitar wins face-off versus Kevin Hayes in Colorado Rockies zone.
3:54 of 1st period - Backhand shot by Filip Forsberg.
3:54 of 1st period - Stopped by Daniil Tarasov with a rebound.
3:58 of 1st period - Snap shot by Jonathan Huberdeau.
3:58 of 1st period - Stopped by Daniil Tarasov without a rebound.
3:59 of 1st period - Roope Hintz wins face-off versus Evgeny Kuznetsov in Colorado Rockies zone.
4:07 of 1st period - Minor Penalty to Evgeny Kuznetsov for Cross-checking.
4:08 of 1st period - Anze Kopitar wins face-off versus Nick Schmaltz in Colorado Rockies zone.
4:12 of 1st period - Snap shot by Anze Kopitar.
4:12 of 1st period - Stopped by Daniil Tarasov without a rebound.
4:13 of 1st period - Anze Kopitar wins face-off versus Nick Schmaltz in Colorado Rockies zone.
5:00 of 1st period - Snap shot by Kyle Connor.
5:00 of 1st period - Stopped by Jeremy Swayman without a rebound.
5:01 of 1st period - Anze Kopitar wins face-off versus Nick Schmaltz in Tampa Bay Lightning zone.
5:12 of 1st period - Snap shot by Travis Konecny.
5:12 of 1st period - Shot Misses the Net.
5:26 of 1st period - Slapshot by Kevin Hayes.
5:26 of 1st period - Stopped by Jeremy Swayman with a rebound.
6:07 of 1st period - Penalty to Evgeny Kuznetsov is over, Evgeny Kuznetsov is back on ice.
7:07 of 1st period - Michael Matheson is hit by Michael Bunting and loses puck.
8:03 of 1st period - Kevin Hayes is hit by Filip Forsberg.
8:34 of 1st period - Slapshot by Trevor Moore.
8:34 of 1st period - Deflect By Martin Fehervary.
8:34 of 1st period - Shot Misses the Net.
8:34 of 1st period - Puck is out of play.
8:35 of 1st period - Roope Hintz wins face-off versus Nikita Kucherov in Colorado Rockies zone.
9:07 of 1st period - Wrist shot by Filip Forsberg.
9:07 of 1st period - Shot Misses the Net.
9:09 of 1st period - Slapshot by Hampus Lindholm.
9:09 of 1st period - Shot Misses the Net.
9:11 of 1st period - Wrist shot by Jonathan Huberdeau.
9:11 of 1st period - Shot Blocked by Nick Schmaltz.
9:21 of 1st period - Slapshot by Michael Bunting.
9:21 of 1st period - Stopped by Jeremy Swayman with a rebound.
9:23 of 1st period - Slapshot by Victor Hedman.
9:23 of 1st period - Stopped by Jeremy Swayman with a rebound.
9:25 of 1st period - Snap shot by Philipp Kurashev.
9:25 of 1st period - Deflect By Nick Bonino.
9:25 of 1st period - Shot Blocked by Moritz Seider.
9:25 of 1st period - Puck is out of play.
9:26 of 1st period - Roope Hintz wins face-off versus Evgeny Kuznetsov in Tampa Bay Lightning zone.
9:33 of 1st period - Snap shot by Philipp Kurashev.
9:33 of 1st period - Stopped by Jeremy Swayman with a rebound.
9:41 of 1st period - Snap shot by Philipp Kurashev.
9:41 of 1st period - Stopped by Jeremy Swayman without a rebound.
9:42 of 1st period - Anze Kopitar wins face-off versus Tim Stutzle in Tampa Bay Lightning zone.
9:55 of 1st period - Wrist shot by Jonathan Huberdeau.
9:55 of 1st period - Stopped by Daniil Tarasov with a rebound.
9:57 of 1st period - Snap shot by Jonathan Huberdeau.
9:57 of 1st period - Shot Misses the Net.
10:09 of 1st period - Darnell Nurse is hit by Quinn Hughes and loses puck.
10:28 of 1st period - Minor Penalty to Travis Konecny for Diving.
10:29 of 1st period - Anze Kopitar wins face-off versus Tim Stutzle in Tampa Bay Lightning zone.
10:34 of 1st period - Snap shot by Tim Stutzle.
10:34 of 1st period - Stopped by Jeremy Swayman with a rebound.
10:36 of 1st period - Slapshot by Martin Fehervary.
10:36 of 1st period - Stopped by Jeremy Swayman without a rebound.
10:37 of 1st period - Anze Kopitar wins face-off versus Tim Stutzle in Tampa Bay Lightning zone.
10:50 of 1st period - Snap shot by Tim Stutzle.
10:50 of 1st period - Stopped by Jeremy Swayman without a rebound.
10:51 of 1st period - Anze Kopitar wins face-off versus Kyle Palmieri in Tampa Bay Lightning zone.
11:00 of 1st period - Slapshot by David Pastrnak.
11:00 of 1st period - Shot Misses the Net.
11:02 of 1st period - Snap shot by Kyle Palmieri.
11:02 of 1st period - Shot Misses the Net.
11:04 of 1st period - Snap shot by Andrew Peeke.
11:04 of 1st period - Shot Blocked by Ben Chiarot.
11:06 of 1st period - Slapshot by Quinn Hughes.
11:06 of 1st period - Shot Misses the Net.
11:08 of 1st period - Slapshot by Andrew Peeke.
11:08 of 1st period - Shot Blocked by Darnell Nurse.
12:04 of 1st period - Minor Penalty to Nikita Kucherov for Tripping.
12:05 of 1st period - Claude Giroux wins face-off versus Evgeny Kuznetsov in Colorado Rockies zone.
12:10 of 1st period - Wrist shot by Claude Giroux.
12:10 of 1st period - Stopped by Daniil Tarasov without a rebound.
12:11 of 1st period - Claude Giroux wins face-off versus Tim Stutzle in Colorado Rockies zone.
12:28 of 1st period - Penalty to Travis Konecny is over, Travis Konecny is back on ice.
12:55 of 1st period - Off-side.
12:56 of 1st period - Claude Giroux wins face-off versus Nick Schmaltz in neutral zone.
14:04 of 1st period - Penalty to Nikita Kucherov is over, Nikita Kucherov is back on ice.
14:20 of 1st period - Snap shot by Martin Pospisil.
14:20 of 1st period - Shot Misses the Net.
14:54 of 1st period - Snap shot by Kyle Connor.
14:54 of 1st period - Stopped by Jeremy Swayman with a rebound.
14:56 of 1st period - Slapshot by Kevin Hayes.
14:56 of 1st period - Goal by Kevin Hayes - Colorado Rockies : 1 - Tampa Bay Lightning : 0.
14:57 of 1st period - Anze Kopitar wins face-off versus Evgeny Kuznetsov in neutral zone.
15:06 of 1st period - Slapshot by Filip Forsberg.
15:06 of 1st period - Shot Misses the Net.
15:08 of 1st period - Wrist shot by Darnell Nurse.
15:08 of 1st period - Shot Blocked by Martin Fehervary.
15:12 of 1st period - Wrist shot by Jonathan Huberdeau.
15:12 of 1st period - Stopped by Daniil Tarasov with a rebound.
15:26 of 1st period - Snap shot by Roope Hintz.
15:26 of 1st period - Stopped by Daniil Tarasov without a rebound.
15:27 of 1st period - Roope Hintz wins face-off versus Kyle Palmieri in Colorado Rockies zone.
15:30 of 1st period - Slapshot by Travis Konecny.
15:30 of 1st period - Stopped by Daniil Tarasov with a rebound.
15:32 of 1st period - Snap shot by Travis Konecny.
15:32 of 1st period - Stopped by Daniil Tarasov with a rebound.
15:34 of 1st period - Wrist shot by Roope Hintz.
15:34 of 1st period - Shot Misses the Net.
15:36 of 1st period - Wrist shot by Travis Konecny.
15:36 of 1st period - Stopped by Daniil Tarasov with a rebound.
15:38 of 1st period - Slapshot by Travis Konecny.
15:38 of 1st period - Stopped by Daniil Tarasov with a rebound.
15:50 of 1st period - Minor Penalty to Jesper Bratt for Goalie Interference.
15:51 of 1st period - Anze Kopitar wins face-off versus Kyle Connor in Colorado Rockies zone.
16:20 of 1st period - Backhand shot by Filip Forsberg.
16:20 of 1st period - Stopped by Daniil Tarasov without a rebound.
16:21 of 1st period - Claude Giroux wins face-off versus Nick Schmaltz in Colorado Rockies zone.
16:32 of 1st period - Snap shot by Nick Schmaltz.
16:32 of 1st period - Deflect By Michael Bunting.
16:32 of 1st period - Shot Blocked by Michael Matheson.
16:32 of 1st period - Puck is out of play.
16:33 of 1st period - Anze Kopitar wins face-off versus Nick Schmaltz in Tampa Bay Lightning zone.
16:40 of 1st period - Snap shot by Anze Kopitar.
16:40 of 1st period - Stopped by Daniil Tarasov with a rebound.
16:42 of 1st period - Slapshot by Darnell Nurse.
16:42 of 1st period - Shot Misses the Net.
16:44 of 1st period - Slapshot by Dmitry Orlov.
16:44 of 1st period - Shot Misses the Net.
16:46 of 1st period - Snap shot by Roope Hintz.
16:46 of 1st period - Goal by Roope Hintz - Colorado Rockies : 1 - Tampa Bay Lightning : 1.
16:47 of 1st period - Tim Stutzle wins face-off versus Anze Kopitar in neutral zone.
17:19 of 1st period - Michael Matheson is hit by Michael Bunting and loses puck.
18:20 of 1st period - Kyle Palmieri is hit by Moritz Seider and loses puck.
19:13 of 1st period - Wrist shot by Michael Bunting.
19:13 of 1st period - Stopped by Jeremy Swayman without a rebound.
19:14 of 1st period - Anze Kopitar wins face-off versus Tim Stutzle in Tampa Bay Lightning zone.
19:41 of 1st period - Trevor Moore is hit by Philipp Kurashev and loses puck.
Goals for this period are 1 for Colorado Rockies vs 1 for Tampa Bay Lightning.
Shots for this period are 13 for Colorado Rockies vs 17 for Tampa Bay Lightning.

2nd period


0:01 of 2nd period - Anze Kopitar wins face-off versus Tim Stutzle in neutral zone.
0:26 of 2nd period - Michael Matheson is hit by Victor Hedman and loses puck.
0:37 of 2nd period - Snap shot by Philipp Kurashev.
0:37 of 2nd period - Stopped by Jeremy Swayman with a rebound.
1:09 of 2nd period - Jamie Benn is hit by Tim Stutzle and loses puck.
1:59 of 2nd period - Wrist shot by Roope Hintz.
1:59 of 2nd period - Goal by Roope Hintz - Colorado Rockies : 1 - Tampa Bay Lightning : 2.
2:00 of 2nd period - Roope Hintz wins face-off versus Nick Schmaltz in neutral zone.
2:17 of 2nd period - Slapshot by Travis Konecny.
2:17 of 2nd period - Shot Hit the Post.
2:23 of 2nd period - Minor Penalty to Zach Whitecloud for Interference.
2:24 of 2nd period - Anze Kopitar wins face-off versus Kevin Hayes in Colorado Rockies zone.
2:37 of 2nd period - Snap shot by Roope Hintz.
2:37 of 2nd period - Goal by Roope Hintz - Colorado Rockies : 1 - Tampa Bay Lightning : 3.
2:38 of 2nd period - Claude Giroux wins face-off versus Tim Stutzle in neutral zone.
2:45 of 2nd period - Slapshot by Nikita Kucherov.
2:45 of 2nd period - Goal by Nikita Kucherov - Colorado Rockies : 2 - Tampa Bay Lightning : 3.
2:46 of 2nd period - Tim Stutzle wins face-off versus Anze Kopitar in neutral zone.
3:03 of 2nd period - Wrist shot by Tim Stutzle.
3:03 of 2nd period - Shot Misses the Net.
3:15 of 2nd period - Snap shot by Claude Giroux.
3:15 of 2nd period - Stopped by Daniil Tarasov with a rebound.
3:43 of 2nd period - Slapshot by Victor Hedman.
3:43 of 2nd period - Shot Misses the Net.
3:57 of 2nd period - Martin Fehervary is hit by Moritz Seider and loses puck.
4:13 of 2nd period - Slapshot by Quinn Hughes.
4:13 of 2nd period - Shot Blocked by Jamie Benn.
4:15 of 2nd period - Wrist shot by Philipp Kurashev.
4:15 of 2nd period - Shot Blocked by Moritz Seider.
4:17 of 2nd period - Snap shot by Philipp Kurashev.
4:17 of 2nd period - Stopped by Jeremy Swayman with a rebound.
4:19 of 2nd period - Slapshot by Quinn Hughes.
4:19 of 2nd period - Shot Misses the Net.
4:21 of 2nd period - Wrist shot by Philipp Kurashev.
4:21 of 2nd period - Shot Misses the Net.
4:23 of 2nd period - Backhand shot by Zach Whitecloud.
4:23 of 2nd period - Stopped by Jeremy Swayman without a rebound.
4:24 of 2nd period - Anze Kopitar wins face-off versus Tim Stutzle in Tampa Bay Lightning zone.
4:29 of 2nd period - Slapshot by Tim Stutzle.
4:29 of 2nd period - Stopped by Jeremy Swayman with a rebound.
4:31 of 2nd period - Snap shot by Vince Dunn.
4:31 of 2nd period - Stopped by Jeremy Swayman with a rebound.
4:33 of 2nd period - Snap shot by Kyle Connor.
4:33 of 2nd period - Stopped by Jeremy Swayman with a rebound.
4:35 of 2nd period - Slapshot by Kyle Connor.
4:35 of 2nd period - Deflect By Tim Stutzle.
4:35 of 2nd period - Goal by Tim Stutzle - Colorado Rockies : 3 - Tampa Bay Lightning : 3.
4:36 of 2nd period - Claude Giroux wins face-off versus Tim Stutzle in neutral zone.
4:51 of 2nd period - Snap shot by Kirill Kaprizov.
4:51 of 2nd period - Stopped by Daniil Tarasov with a rebound.
5:05 of 2nd period - Ben Chiarot is hit by Kevin Hayes and loses puck.
5:31 of 2nd period - Snap shot by Jamie Benn.
5:31 of 2nd period - Deflect By Gustav Nyquist.
5:31 of 2nd period - Shot Misses the Net.
5:31 of 2nd period - Puck is out of play.
5:32 of 2nd period - Jamie Benn wins face-off versus Evgeny Kuznetsov in Colorado Rockies zone.
6:22 of 2nd period - Kyle Connor is hit by Darnell Nurse and loses puck.
6:52 of 2nd period - Snap shot by Anze Kopitar.
6:52 of 2nd period - Stopped by Daniil Tarasov with a rebound.
6:56 of 2nd period - Slapshot by Jonathan Huberdeau.
6:56 of 2nd period - Stopped by Daniil Tarasov with a rebound.
6:58 of 2nd period - Wrist shot by Jonathan Huberdeau.
6:58 of 2nd period - Stopped by Daniil Tarasov without a rebound.
6:59 of 2nd period - Nick Schmaltz wins face-off versus Trevor Moore in Colorado Rockies zone.
8:22 of 2nd period - Slapshot by Ben Chiarot.
8:22 of 2nd period - Shot Misses the Net.
8:36 of 2nd period - Slapshot by Nikita Kucherov.
8:36 of 2nd period - Deflect By Trevor Moore.
8:36 of 2nd period - Shot Misses the Net.
8:36 of 2nd period - Puck is out of play.
8:37 of 2nd period - Tim Stutzle wins face-off versus Roope Hintz in Tampa Bay Lightning zone.
8:45 of 2nd period - Off-side.
8:46 of 2nd period - Tim Stutzle wins face-off versus Roope Hintz in neutral zone.
9:13 of 2nd period - Slapshot by Kirill Kaprizov.
9:13 of 2nd period - Shot Blocked by Martin Fehervary.
9:35 of 2nd period - Snap shot by Filip Forsberg.
9:35 of 2nd period - Stopped by Daniil Tarasov with a rebound.
9:37 of 2nd period - Snap shot by Jonathan Huberdeau.
9:37 of 2nd period - Goal by Jonathan Huberdeau - Colorado Rockies : 3 - Tampa Bay Lightning : 4.
9:38 of 2nd period - Nick Schmaltz wins face-off versus Claude Giroux in neutral zone.
9:40 of 2nd period - Minor Penalty to Vince Dunn for Roughing.
9:41 of 2nd period - Claude Giroux wins face-off versus Nick Schmaltz in Colorado Rockies zone.
10:15 of 2nd period - Snap shot by Roope Hintz.
10:15 of 2nd period - Shot Blocked by Quinn Hughes.
11:39 of 2nd period - Dmitry Orlov is hit by Tim Stutzle and loses puck.
11:40 of 2nd period - Penalty to Vince Dunn is over, Vince Dunn is back on ice.
11:56 of 2nd period - Martin Fehervary is hit by Jamie Benn and loses puck.
12:18 of 2nd period - Philipp Kurashev is hit by Jamie Benn and loses puck.
13:12 of 2nd period - Wrist shot by Philipp Kurashev.
13:12 of 2nd period - Stopped by Jeremy Swayman without a rebound.
13:13 of 2nd period - Nick Schmaltz wins face-off versus Roope Hintz in Tampa Bay Lightning zone.
13:40 of 2nd period - Trevor Moore is hit by Kyle Connor and loses puck.
13:45 of 2nd period - Wrist shot by Nikita Kucherov.
13:45 of 2nd period - Stopped by Jeremy Swayman without a rebound.
13:46 of 2nd period - Tim Stutzle wins face-off versus Anze Kopitar in Tampa Bay Lightning zone.
13:49 of 2nd period - Slapshot by Tim Stutzle.
13:49 of 2nd period - Shot Misses the Net.
13:51 of 2nd period - Slapshot by Kyle Connor.
13:51 of 2nd period - Stopped by Jeremy Swayman with a rebound.
15:17 of 2nd period - Vince Dunn is hit by Trevor Moore and loses puck.
15:32 of 2nd period - Slapshot by Michael Matheson.
15:32 of 2nd period - Stopped by Daniil Tarasov without a rebound.
15:33 of 2nd period - Jamie Benn wins face-off versus Kyle Palmieri in Colorado Rockies zone.
15:42 of 2nd period - Wrist shot by Martin Pospisil.
15:42 of 2nd period - Stopped by Daniil Tarasov with a rebound.
15:44 of 2nd period - Wrist shot by Jamie Benn.
15:44 of 2nd period - Goal by Jamie Benn - Colorado Rockies : 3 - Tampa Bay Lightning : 5.
15:45 of 2nd period - Anze Kopitar wins face-off versus Tim Stutzle in neutral zone.
15:52 of 2nd period - Wrist shot by Anze Kopitar.
15:52 of 2nd period - Shot Misses the Net.
16:08 of 2nd period - Minor Penalty to Moritz Seider for Tripping.
16:09 of 2nd period - Claude Giroux wins face-off versus Kyle Palmieri in Tampa Bay Lightning zone.
17:20 of 2nd period - Jamie Benn is hit by David Pastrnak and loses puck.
18:08 of 2nd period - Penalty to Moritz Seider is over, Moritz Seider is back on ice.
18:42 of 2nd period - Zach Whitecloud is hit by Anze Kopitar and loses puck.
18:55 of 2nd period - Moritz Seider is hit by Kevin Hayes and loses puck.
19:06 of 2nd period - Slapshot by Michael Bunting.
19:06 of 2nd period - Shot Misses the Net.
19:55 of 2nd period - Wrist shot by Dylan Cozens.
19:55 of 2nd period - Shot Misses the Net.
Goals for this period are 2 for Colorado Rockies vs 4 for Tampa Bay Lightning.
Shots for this period are 11 for Colorado Rockies vs 12 for Tampa Bay Lightning.

3rd period


0:01 of 3rd period - Claude Giroux wins face-off versus Kyle Palmieri in neutral zone.
0:16 of 3rd period - Snap shot by Claude Giroux.
0:16 of 3rd period - Stopped by Daniil Tarasov without a rebound.
0:17 of 3rd period - Anze Kopitar wins face-off versus Tim Stutzle in Colorado Rockies zone.
0:22 of 3rd period - Snap shot by Anze Kopitar.
0:22 of 3rd period - Stopped by Daniil Tarasov with a rebound.
0:28 of 3rd period - Moritz Seider is hit by Victor Hedman and loses puck.
1:35 of 3rd period - Hampus Lindholm is hit by Evgeny Kuznetsov and loses puck.
2:15 of 3rd period - Kevin Hayes is hit by Kirill Kaprizov and loses puck.
2:23 of 3rd period - Minor Penalty to David Pastrnak for Roughing.
2:24 of 3rd period - Anze Kopitar wins face-off versus Nick Schmaltz in Colorado Rockies zone.
2:27 of 3rd period - Snap shot by Anze Kopitar.
2:27 of 3rd period - Shot Misses the Net.
2:29 of 3rd period - Wrist shot by Roope Hintz.
2:29 of 3rd period - Stopped by Daniil Tarasov with a rebound.
2:31 of 3rd period - Snap shot by Moritz Seider.
2:31 of 3rd period - Stopped by Daniil Tarasov with a rebound.
2:33 of 3rd period - Slapshot by Michael Matheson.
2:33 of 3rd period - Shot Misses the Net.
2:35 of 3rd period - Wrist shot by Roope Hintz.
2:35 of 3rd period - Stopped by Daniil Tarasov with a rebound.
2:37 of 3rd period - Wrist shot by Roope Hintz.
2:37 of 3rd period - Shot Misses the Net.
2:39 of 3rd period - Slapshot by Michael Matheson.
2:39 of 3rd period - Goal by Michael Matheson - Colorado Rockies : 3 - Tampa Bay Lightning : 6.
2:40 of 3rd period - David Pastrnak wins face-off versus Claude Giroux in neutral zone.
2:57 of 3rd period - Wrist shot by Kirill Kaprizov.
2:57 of 3rd period - Shot Misses the Net.
3:28 of 3rd period - Icing by Travis Konecny.
3:29 of 3rd period - Nick Schmaltz wins face-off versus Roope Hintz in Tampa Bay Lightning zone.
3:33 of 3rd period - Icing by Roope Hintz.
3:34 of 3rd period - Roope Hintz wins face-off versus Nick Schmaltz in Tampa Bay Lightning zone.
3:34 of 3rd period - Roope Hintz is hit by Quinn Hughes.
4:12 of 3rd period - Quinn Hughes is hit by Michael Matheson and loses puck.
4:45 of 3rd period - Slapshot by Roope Hintz.
4:45 of 3rd period - Stopped by Daniil Tarasov with a rebound.
4:47 of 3rd period - Slapshot by Michael Matheson.
4:47 of 3rd period - Stopped by Daniil Tarasov without a rebound.
4:48 of 3rd period - Claude Giroux wins face-off versus Evgeny Kuznetsov in Colorado Rockies zone.
5:13 of 3rd period - Martin Fehervary is hit by Anze Kopitar and loses puck.
5:38 of 3rd period - Martin Pospisil is hit by Nick Schmaltz and loses puck.
5:56 of 3rd period - Off-side.
5:57 of 3rd period - Claude Giroux wins face-off versus Evgeny Kuznetsov in neutral zone.
6:32 of 3rd period - Wrist shot by Tim Stutzle.
6:32 of 3rd period - Stopped by Jeremy Swayman with a rebound.
7:35 of 3rd period - Icing by Philipp Kurashev.
7:36 of 3rd period - Jonathan Huberdeau wins face-off versus Evgeny Kuznetsov in Colorado Rockies zone.
7:54 of 3rd period - Icing by Moritz Seider.
7:55 of 3rd period - Anze Kopitar wins face-off versus Nick Schmaltz in Tampa Bay Lightning zone.
7:55 of 3rd period - Anze Kopitar is hit by Nick Schmaltz.
8:09 of 3rd period - Slapshot by Anze Kopitar.
8:09 of 3rd period - Stopped by Daniil Tarasov with a rebound.
8:11 of 3rd period - Snap shot by Anze Kopitar.
8:11 of 3rd period - Goal by Anze Kopitar - Colorado Rockies : 3 - Tampa Bay Lightning : 7.
8:12 of 3rd period - Claude Giroux wins face-off versus Tim Stutzle in neutral zone.
8:25 of 3rd period - Trevor Moore is hit by Martin Fehervary.
8:52 of 3rd period - Slapshot by Hampus Lindholm.
8:52 of 3rd period - Stopped by Daniil Tarasov with a rebound.
8:54 of 3rd period - Snap shot by Trevor Moore.
8:54 of 3rd period - Shot Misses the Net.
8:56 of 3rd period - Snap shot by Trevor Moore.
8:56 of 3rd period - Stopped by Daniil Tarasov with a rebound.
8:58 of 3rd period - Snap shot by Kirill Kaprizov.
8:58 of 3rd period - Shot Misses the Net.
9:00 of 3rd period - Snap shot by Claude Giroux.
9:00 of 3rd period - Shot Blocked by Jesper Bratt.
9:04 of 3rd period - Slapshot by Trevor Moore.
9:04 of 3rd period - Shot Misses the Net.
9:06 of 3rd period - Slapshot by Kirill Kaprizov.
9:06 of 3rd period - Goal by Kirill Kaprizov - Colorado Rockies : 3 - Tampa Bay Lightning : 8.
9:07 of 3rd period - Anze Kopitar wins face-off versus Nick Schmaltz in neutral zone.
9:42 of 3rd period - Slapshot by Philipp Kurashev.
9:42 of 3rd period - Stopped by Jeremy Swayman without a rebound.
9:43 of 3rd period - Tim Stutzle wins face-off versus Kirill Kaprizov in Tampa Bay Lightning zone.
10:31 of 3rd period - Slapshot by Martin Pospisil.
10:31 of 3rd period - Shot Misses the Net.
11:09 of 3rd period - Dylan Cozens is hit by Evgeny Kuznetsov and loses puck.
11:34 of 3rd period - Snap shot by Jonathan Huberdeau.
11:34 of 3rd period - Shot Blocked by Zach Whitecloud.
12:18 of 3rd period - Wrist shot by Jesper Bratt.
12:18 of 3rd period - Deflect By Kyle Palmieri.
12:18 of 3rd period - Shot Blocked by Jamie Benn.
12:18 of 3rd period - Puck is out of play.
12:19 of 3rd period - Anze Kopitar wins face-off versus Tim Stutzle in Tampa Bay Lightning zone.
12:30 of 3rd period - Snap shot by Jonathan Huberdeau.
12:30 of 3rd period - Stopped by Daniil Tarasov without a rebound.
12:31 of 3rd period - Anze Kopitar wins face-off versus Evgeny Kuznetsov in Colorado Rockies zone.
12:32 of 3rd period - Snap shot by Filip Forsberg.
12:32 of 3rd period - Shot Blocked by Martin Fehervary.
12:40 of 3rd period - Snap shot by Anze Kopitar.
12:40 of 3rd period - Shot Blocked by Victor Hedman.
12:46 of 3rd period - Slapshot by Anze Kopitar.
12:46 of 3rd period - Shot Misses the Net.
12:48 of 3rd period - Slapshot by Filip Forsberg.
12:48 of 3rd period - Shot Misses the Net.
12:54 of 3rd period - Minor Penalty to Evgeny Kuznetsov for Slashing.
12:55 of 3rd period - Nick Schmaltz wins face-off versus Claude Giroux in Colorado Rockies zone.
13:22 of 3rd period - Nick Schmaltz is hit by Roope Hintz and loses puck.
14:54 of 3rd period - Penalty to Evgeny Kuznetsov is over, Evgeny Kuznetsov is back on ice.
15:17 of 3rd period - Slapshot by Quinn Hughes.
15:17 of 3rd period - Stopped by Jeremy Swayman with a rebound.
15:43 of 3rd period - Snap shot by Michael Bunting.
15:43 of 3rd period - Shot Blocked by Ben Chiarot.
15:55 of 3rd period - Nick Schmaltz is hit by Darnell Nurse and loses puck.
16:07 of 3rd period - Slapshot by Quinn Hughes.
16:07 of 3rd period - Shot Misses the Net.
16:40 of 3rd period - Wrist shot by Roope Hintz.
16:40 of 3rd period - Stopped by Daniil Tarasov without a rebound.
16:41 of 3rd period - Kyle Palmieri wins face-off versus Claude Giroux in Colorado Rockies zone.
18:05 of 3rd period - Tim Stutzle is hit by Anze Kopitar and loses puck.
18:31 of 3rd period - Vince Dunn is hit by Martin Pospisil and loses puck.
18:36 of 3rd period - Snap shot by Jamie Benn.
18:36 of 3rd period - Stopped by Daniil Tarasov with a rebound.
Goals for this period are 0 for Colorado Rockies vs 3 for Tampa Bay Lightning.
Shots for this period are 3 for Colorado Rockies vs 16 for Tampa Bay Lightning.